 Dungeon Crawl Stone Soup version 0.30-a0-364-gf6b3ef1049 (webtiles) character file.

Game seed: 16158367634775669610

4456 zishaf the Covert (level 10, 0/56 HPs)
             Began as a Vine Stalker Brigand on Nov 15, 2022.
             Was a Believer of Uskayaw.
             Slain by a troll (7 damage)
             ... on level 8 of the Dungeon.
             The game lasted 00:14:04 (6760 turns).

zishaf the Covert (Vine Stalker Brigand)            Turns: 6760, Time: 00:14:06

Health: 0/56       AC:  8    Str: 16    XL:     10   Next: 37%
Magic:  0/16       EV: 15    Int: 11    God:    Uskayaw [**....]
Gold:   487        SH:  0    Dex: 18    Spells: 9/9 levels left

rFire   + . .      SeeInvis +    a - +3 dagger (venom)
rCold   . . .      Faith    .    (no shield)
rNeg    . . .      Spirit   +    F - +0 steam dragon scales
rPois   .          Reflect  .    n - +1 helmet
rElec   .          Harm     .    c - +0 cloak
rCorr   .          Rampage  .    (no gloves)
Will    +....                    (no boots)
Stlth   ++++......               p - amulet of the acrobat
HPRegen 1.09/turn                i - ring of see invisible
MPRegen 0.15/turn                I - ring of protection from fire

@: studying Dodging
A: fangs 3, regeneration 1, magic shield, antimagic bite, no potion heal 2
a: Renounce Religion, Stomp, Line Pass


You were on level 8 of the Dungeon.
You worshipped Uskayaw.
Uskayaw was noncommittal.
You visited 2 branches of the dungeon, and saw 9 of its levels.

You collected 529 gold pieces.
You spent 42 gold pieces at shops.

Inventory:

Hand Weapons
 a - a +3 dagger of venom (weapon)
 q - a +0 short sword of draining
 w - a +0 dagger of venom
Missiles
 d - 28 poisoned darts (quivered)
 e - 3 curare-tipped darts
 f - 2 javelins
 j - 3 boomerangs
Armour
 b - a +0 robe
 c - a +0 cloak (worn)
 n - a +1 helmet (worn)
 r - a +0 ring mail
 F - +0 steam dragon scales (worn)
Jewellery
 i - a ring of see invisible (left hand)
 p - an amulet of the acrobat (around neck)
 z - an amulet of magic regeneration
 I - a ring of protection from fire (right hand)
Wands
 m - a wand of flame (34)
 t - a wand of charming (19)
 B - a wand of digging (2)
 D - a wand of light (18)
 H - a wand of iceblast (16)
Scrolls
 h - 5 scrolls of teleportation
 x - a scroll of blinking
 y - a scroll of poison
 E - a scroll of fear
Potions
 g - a potion of magic
 k - 4 potions of curing
 l - a potion of attraction
 o - 4 potions of haste
 s - a potion of lignification
 u - a potion of cancellation
 v - a potion of experience {unknown}
 A - a potion of mutation {unknown}
 C - 2 potions of ambrosia
 G - a potion of berserk rage {unknown}


   Skills:
 + Level 7.6 Fighting
 - Level 6.0 Short Blades
 - Level 3.0 Throwing
 + Level 6.3 Dodging
 - Level 8.0 Stealth
 * Level 7.4 Invocations


You had 9 spell levels left.
You didn't know any spells.
Your spell library contained the following spells:

 Spells                   Type           Power      Damage    Failure   Level
 Beastly Appendage        Tmut           0%         N/A       34%         1
 Shock                    Conj/Air       0%         1d3       34%         1
 Wereblood                Tmut           0%         N/A       47%         2
 Ignite Poison            Fire/Tmut/Pois 0%         N/A       71%         3
 Spider Form              Tmut/Pois      0%         N/A       71%         3
 Swiftness                Air            0%         N/A       71%         3
 Airstrike                Air            0%         2d(0-16)  98%         4
 Petrify                  Tmut/Erth      0%         N/A       98%         4
 Sticky Flame             Conj/Fire      0%         2d3       98%         4
 Metabolic Englaciation   Hex/Ice        0%         N/A       100%        5
 Statue Form              Tmut/Erth      0%         N/A       100%        6
 Ignition                 Fire           0%         3d3       100%        8


Dungeon Overview and Level Annotations

Branches:
Dungeon (8/15)             Temple (1/1) D:6
   Lair: D:8-11

Altars:
Cheibriados
Dithmenos
Elyvilon
Fedhas
Gozag
Hepliaklqana
Makhleb
Nemelex Xobeh
Okawaru
Qazlal
Sif Muna
Trog
Uskayaw
Vehumet
Yredelemnul
The Shining One

Shops:
D:5 *

Annotations:
D:8 1 transporter


Innate Abilities, Weirdness & Mutations

You have razor-sharp teeth.
Your natural rate of healing is unusually fast.
When hurt, damage is shared between your health and your magic reserves.
Your bite disrupts and absorbs the magic of your enemies.
Potions cannot restore your health.


Message History

You hit the orc priest.
You kill the orc priest!
The orc misses you. The troll barely misses you. The troll misses you.
The troll barely misses you.
Unknown command.
You hit the orc priest but do no damage.
You hit the orc priest.
The orc priest is lightly wounded.
The orc barely misses you. The troll barely misses you. x2
The troll claws you but does no damage.
The orc priest casts a cantrip, but nothing happens.
You can now pass through a line of other dancers.
You hit the orc priest but do no damage.
The orc priest is poisoned.
You bite the orc priest. You drain its power.
You feel invigorated.
The orc priest is moderately wounded.
The orc closely misses you. The troll misses you. The troll barely misses you.
The troll claws you!
* * * LOW HITPOINT WARNING * * *
The orc priest calls down the wrath of Beogh upon you.
Beogh smites you!
* * * LOW HITPOINT WARNING * * *
You hit the orc priest but do no damage.
The orc priest looks as sick as possible!
The orc priest is moderately wounded.
Unknown command.
You barely miss the orc priest. You bite the orc priest. You drain its power.
You feel invigorated.
The orc priest is heavily wounded.
The orc seems to regain its courage.
The orc misses you. The troll closely misses you. The troll claws you!
* * * LOW HITPOINT WARNING * * *
The troll closely misses you.
The orc priest hits you but does no damage.
You hit the orc priest.
The orc priest looks as sick as possible!
You bite the orc priest.
You kill the orc priest!
The orc hits you but does no damage. The troll bites you!
You die...

.##..####.####### #..###.#
..<..........###### #..# #.#
..................## #..# ###
.....####..©..###[.## #..#
.....#############..# #..#
#.#..##o...©)...##..######..#####
#....#O..#####).o#...?...........
#.#..#....#$#..To#.##...##..#####
.....#.#?.....o#@#.##...##..#####
#....#.##.8.8.##)#)##...........#
.....#©#[.._...#o#.##....#..###.#
..#..#.##.8.8.##.#.##............
#.#..#.#......$#.#.##....#.####.#
#....#...$#}#....#.##....#.# #.#
##.#.#...#####...#.##....#.# #.#
#...# .........##.##....#.# #.#
##..# ##########.##....<.# ##.#


You could see a troll and 4 orcs.

Vanquished Creatures
  2 two-headed ogres (D:8)
  A troll (D:7)
  A basilisk (D:7)
  A wyvern (D:6)
  A steam dragon (D:7)
  2 water moccasins
  2 orc warriors
  A sky beast (D:6)
  An ice beast (D:5)
  2 black bears
  2 ogres
  A phantom (D:4)
  2 centaurs
  2 kobold brigands (D:7)
  A necrophage (D:6)
  A bullfrog (D:7)
  5 scorpions
  A wight (D:6)
  A killer bee (D:7)
  4 howler monkeys
  A gnoll bouda (D:7)
  A jelly (D:4)
  5 orc priests
  A hound (D:5)
  Jessica (D:3)
  3 iguanas
  Terence (D:2)
  Natasha (thrice) (D:4)
  5 orc wizards
  4 gnolls (D:5)
  9 adders
  2 worms
  3 dart slugs
  26 orcs
  3 endoplasms
  3 giant cockroaches (D:1)
  5 goblins
  8 hobgoblins
  2 jackals (D:3)
  12 kobolds
  4 quokkas
  3 ball pythons
  6 bats
  4 frilled lizards
  2 rats
151 creatures vanquished.

Vanquished Creatures (others)
  An ufetubus (D:7)
1 creature vanquished.

Grand Total: 152 creatures vanquished

Notes
Turn   | Place    | Note
-------+----------+-------------------------------------------
     0 | D:1      | zishaf the Vine Stalker Brigand began the quest for the
                  | Orb.
     0 | D:1      | Reached XP level 1. HP: 11/11 MP: 2/2
   104 | D:1      | Found a faded altar of an unknown god.
   215 | D:1      | Reached skill level 1 in Dodging
   215 | D:1      | Reached skill level 5 in Stealth
   215 | D:1      | Reached XP level 2. HP: 15/15 MP: 3/3
   643 | D:2      | Reached XP level 3. HP: 10/18 MP: 2/4
  1320 | D:2      | Noticed Terence
  1366 | D:2      | Killed Terence
  1367 | D:2      | Gained mutation: Your natural rate of healing is unusually
                  | fast. [Vine Stalker growth]
  1367 | D:2      | Reached XP level 4. HP: 7/23 MP: 1/5
  2113 | D:3      | Noticed Jessica
  2128 | D:3      | Killed Jessica
  2421 | D:3      | Reached XP level 5. HP: 28/28 MP: 6/6
  2670 | D:4      | Noticed Natasha
  2674 | D:4      | Killed Natasha
  2733 | D:4      | Reached XP level 6. HP: 32/32 MP: 7/7
  2758 | D:4      | Noticed Natasha
  2773 | D:4      | Killed Natasha
  3084 | D:4      | Identified the +0 ring mail of the Dolphin {Rampage rC-
                  | Regen+}
  3204 | D:4      | Noticed Natasha
  3214 | D:4      | Killed Natasha
  3250 | D:5      | Entered Level 5 of the Dungeon
  3250 | D:5      | Found Ucuessed's General Store.
  3378 | D:4      | Reached XP level 7. HP: 17/37 MP: 3/8
  3442 | D:5      | Bought a potion of lignification for 42 gold pieces
  3460 | D:5      | Reached skill level 6 in Stealth
  3813 | D:5      | Reached skill level 5 in Fighting
  3813 | D:5      | Reached skill level 7 in Stealth
  3813 | D:5      | Gained mutation: You have razor-sharp teeth. [Vine Stalker
                  | growth]
  3813 | D:5      | Reached XP level 8. HP: 39/43 MP: 9/9
  3969 | D:6      | Reached skill level 5 in Short Blades
  4389 | D:6      | Reached skill level 8 in Stealth
  4647 | D:6      | Found a staircase to the Ecumenical Temple.
  4713 | Temple   | Entered the Ecumenical Temple
  4767 | Temple   | Became a worshipper of Uskayaw the Reveller
  4973 | D:7      | Reached * piety under Uskayaw
  4982 | D:7      | Reached ** piety under Uskayaw
  4986 | D:7      | Reached skill level 1 in Invocations
  4987 | D:7      | Reached *** piety under Uskayaw
  5051 | D:7      | Reached XP level 9. HP: 48/48 MP: 11/11
  5356 | D:7      | Reached **** piety under Uskayaw
  5455 | D:7      | Found a hazy altar of Hepliaklqana.
  5492 | D:7      | Reached skill level 5 in Invocations
  5551 | D:7      | Noticed a troll
  5564 | D:7      | Killed a troll
  5846 | D:8      | Noticed a two-headed ogre
  5868 | D:8      | Killed a two-headed ogre
  5869 | D:8      | Reached skill level 5 in Dodging
  5869 | D:8      | Reached XP level 10. HP: 55/55 MP: 15/15
  6132 | D:8      | Found a transporter.
  6136 | D:8      | Found a transporter.
  6288 | D:8      | Found a snail-covered altar of Cheibriados.
  6288 | D:8      | Noticed a two-headed ogre
  6320 | D:8      | Killed a two-headed ogre
  6384 | D:8      | Found a glowing golden altar of the Shining One.
  6384 | D:8      | Found a stormy altar of Qazlal.
  6385 | D:8      | Found an iron altar of Okawaru.
  6760 | D:8      | Slain by a troll

Illustrated notes

Levels and vault maps discovered:
D:1:      dpeg_arrival_erosion, layout_rooms, shapermc_ecumenical_altar_venn
D:2:      layout_basic, uniq_terence
D:3:      layout_basic, uniq_jessica
D:4:      layout_cave_pools, serial_park, serial_park_tiny_1, serial_park_gazebo
          [serial_park_minivault_5x5_4], serial_park_tiny_1, serial_park_square1
          [serial_park_minivault_5x5_1], item_on_display_b, uniq_natasha
D:5:      layout_basic, serial_shops, shop
D:6:      layout_basic, minmay_temple_entry_enclosed_plants, minmay_manual_mail
D:7:      layout_rooms, minmay_ruined_shrine
D:8:      gammafunk_beogh_shrine, layout_basic,
          chequers_temple_overflow_statue_of_worship
Temple:   regret_index_temple_chain_breaker

Skill      XL: |  1  2  3  4  5  6  7  8  9 10 |
---------------+-------------------------------+-----
Dodging        | 1 2 5 6 |  6.3
Stealth        | 5 7 8 |  8.0
Fighting       | 2 3 4 5 6 7 |  7.6
Short Blades   | 2 3 4 5 6 |  6.0
Throwing       | 2 3 |  3.0
Invocations    | 2 6 7 |  7.4

Action                   |  1- 3 |  4- 6 |  7- 9 | 10-12 || total
-------------------------+-------+-------+-------+-------++-------
Melee: Dagger            |    89 |     1 |   160 |    61 ||   311
       Bite              |    14 |    30 |    58 |    29 ||   131
       Short sword       |       |   118 |    47 |       ||   165
       Punch             |       |     1 |     5 |     2 ||     8
Throw: Dart              |    32 |    25 |     8 |     9 ||    74
       Boomerang         |       |       |       |     6 ||     6
  Use: Scroll            |       |    12 |     5 |     3 ||    20
       Potion            |       |       |     2 |       ||     2
 Stab: Sleeping          |     3 |     3 |    13 |     2 ||    21
       Paralysed         |       |       |     5 |       ||     5
Armor: Robe              |    18 |       |       |       ||    18
       Ring mail         |       |    32 |    44 |       ||    76
       Steam dragon scal |       |       |     7 |    14 ||    21
Dodge: Dodged            |    62 |    63 |   126 |    41 ||   292

Table legend: (Time is in decaauts)
 A = Elapsed time spent in this place.
 B = Non-inter-level travel time spent in this place.
 C = Inter-level travel time spent in this place.
 D = Time resting spent in this place.
 E = Time spent auto-exploring this place.
 F = Levels seen in this place.
 G = Mean time per level.
                   A        B        C        D        E       F      G
               +--------+--------+--------+--------+--------+-----+--------+
         Total |   6672 |   6255 |    417 |    287 |   4583 |   9 |  741.3 |
       Dungeon |   6607 |   6212 |    395 |    287 |   4550 |   8 |  825.9 |
        Temple |     64 |     43 |     21 |      0 |     33 |   1 |   64.0 |
               +--------+--------+--------+--------+--------+-----+--------+

Top non-repeatable levels by time:
     D:2: 1327 daAuts
     D:6: 1093 daAuts
     D:8: 934 daAuts
     D:4: 845 daAuts
     D:7: 648 daAuts
     D:3: 608 daAuts
     D:1: 593 daAuts
     D:5: 558 daAuts
  Temple: 64 daAuts
